 Dungeon Crawl Stone Soup version 0.25-a0-265-g7af84ae0ac (webtiles) character file.

Game seed: 8852613243721243582, levelgen mode: classic

77631 Borgoz the Protected (level 15, -2/94 HPs)
             Began as a Gargoyle Fighter on Dec 7, 2019.
             Was the Champion of Okawaru.
             Slain by a sun demon (5 damage)
             ... on level 6 of the Lair of Beasts.
             The game lasted 00:52:23 (21871 turns).

Borgoz the Protected (Gargoyle Fighter)            Turns: 21871, Time: 00:52:24

Health: -2/94      AC: 30    Str: 27    XL:     15   Next: 57%
Magic:  0/22       EV: 15    Int: 11    God:    Okawaru [******]
Gold:   1179       SH: 12    Dex: 16    Spells: 20/24 levels left

rFire    + . .     SeeInvis .   a - +7 double sword (elec)
rCold    . . .     Gourm    .   c - +0 shield
rNeg     + . .     Faith    .   L - +1 scale mail of the Loofah {MR+ Str+5 Stlth+} (curse)
rPois    ∞         Spirit   +   (no helmet)
rElec    +         Reflect  .   N - +1 cloak {MR+}
rCorr    .         Harm     .   O - +1 pair of gloves
MR       +++..                  z - +2 pair of boots {run}
Stlth    +++.......             g - amulet of guardian spirit
HPRegen  0.25/turn              E - +5 ring of dexterity
MPRegen  0.18/turn              I - ring of protection from fire

@: flying, quick
A: big wings, negative energy resistance 1, electricity resistance, unbreathing,
petrification resistance, rot immunity, AC +11
a: Stop Flying, Heroism, Finesse, Renounce Religion


You were on level 6 of the Lair of Beasts.
You worshipped Okawaru.
Okawaru was exalted by your worship.
You were not hungry.

You visited 3 branches of the dungeon, and saw 22 of its levels.
You also visited: Volcano.

You collected 1348 gold pieces.
You spent 169 gold pieces at shops.

Inventory:

Hand Weapons
 a - a +7 double sword of electrocution (weapon)
 b - a +0 scimitar of flaming
 q - the +10 flail "Reesm" {flame, Str+3}
   (You found it on level 5 of the Lair of Beasts)

   It has been specially enchanted to burn those struck by it, causing extra
   injury to most foes and up to half again as much damage against particularly
   susceptible opponents.
   It affects your strength (+3).
Missiles
 u - a throwing net (quivered)
Armour
 c - a +0 shield (worn)
 e - a +2 chain mail of fire resistance
 z - a +2 pair of boots of running (worn)
 G - the +8 chain mail of Xyint {rPois Str+6 Stlth+}
   (Okawaru gifted it to you on level 6 of the Lair of Beasts)

   It affects your strength (+6).
   It protects you from poison.
   It makes you more stealthy.
 J - the +4 moon troll leather armour {Spirit, Regen++ MP+5}
   (You found it on level 4 of the Lair of Beasts)

   It affects your magic capacity (+5).
   It increases your rate of regeneration.
 L - the cursed +1 scale mail of the Loofah (worn) {MR+ Str+5 Stlth+}
   (You found it on level 6 of the Lair of Beasts)

   It affects your strength (+5).
   It affects your resistance to hostile enchantments.
   It makes you more stealthy.
   It has a curse placed upon it.
 N - a +1 cloak of magic resistance (worn)
 O - a +1 pair of gloves (worn)
 Z - a +0 ring mail of cold resistance
Jewellery
 g - an amulet of guardian spirit (around neck)
 n - an uncursed ring of fire
 p - an uncursed ring of protection from magic
 s - a +3 ring of strength
 t - an uncursed ring of resist corrosion
 w - an uncursed ring of ice
 C - an uncursed amulet of the acrobat
 E - a +5 ring of dexterity (left hand)
 F - the ring "Igydat" {Ice *Slow Int+4 Slay+6}
   (You found it on level 10 of the Dungeon)

   [ring of ice]

   It enhances your ice magic.
   It affects your intelligence (+4).
   It affects your accuracy and damage with ranged weapons and melee attacks
   (+6).
   It makes you vulnerable to fire.
   It protects you from cold.
   It may slow you when you take damage.
 I - a ring of protection from fire (right hand)
Wands
 d - a wand of digging (19)
 i - a wand of disintegration (25)
 H - a wand of flame (30)
 M - a wand of acid (13)
 T - a wand of scattershot (5)
 Y - a wand of paralysis (15)
Scrolls
 h - 2 scrolls of blinking
 j - 2 scrolls of fear
 k - 8 scrolls of remove curse
 m - 2 scrolls of magic mapping
 o - 3 scrolls of fog
 y - 9 scrolls of teleportation
 K - a scroll of amnesia
Potions
 r - 2 potions of resistance
 v - 5 potions of curing
 x - a potion of might
 A - 3 potions of cancellation
 B - a potion of magic
 D - a potion of heal wounds
 Q - 5 potions of agility
 V - a potion of ambrosia
 X - 4 potions of haste
Comestibles
 f - 37 rations
 l - 19 chunks of flesh


   Skills:
 + Level 11.1 Fighting
 * Level 11.8 Long Blades
 * Level 13.9 Armour
 * Level 9.7 Dodging
 - Level 5.0 Stealth
 - Level 7.1 Shields
 - Level 5.0 Spellcasting
 - Level 5.0 Hexes
 + Level 8.9 Invocations
 - Level 5.0 Evocations


You had 20 spell levels left.
You knew the following spells:

 Your Spells              Type           Power        Failure   Level  Hunger
a - Confusing Touch       Hex            ##....       14%         1    None
b - Confuse               Hex            ##......     38%         3    ###....

Your spell library contained the following spells:

 Spells                   Type           Power        Failure   Level  Hunger
 Animate Skeleton         Necr           N/A          71%         1    None
 Apportation              Tloc           #.....       71%         1    None
 Freeze                   Ice            #...         71%         1    None
 Sandblast                Erth           #.....       71%         1    None
 Sting                    Tmut/Pois      #...         71%         1    None
 Summon Small Mammal      Summ           #...         71%         1    None
 Passwall                 Tmut/Erth      #.......     85%         2    ##.....
 Poisonous Vapours        Pois/Air       #.....       85%         2    ##.....
 Gell's Gravitas          Tloc           #.........   97%         3    ###....
 Ignite Poison            Fire/Tmut/Pois #.......     97%         3    ###....
 Mephitic Cloud           Conj/Pois/Air  #.......     97%         3    ###....
 Ozocubu's Armour         Chrm/Ice       #.......     97%         3    ###....
 Stone Arrow              Conj/Erth      #.....       97%         3    ###....
 Hailstorm                Conj/Ice       #.......     100%        4    ####...
 Olgreb's Toxic Radiance  Pois           #.......     100%        4    ####...
 Petrify                  Tmut/Erth      #.......     100%        4    ####...
 Summon Ice Beast         Ice/Summ       #.......     100%        4    ####...
 Irradiate                Conj/Tmut      #.........   100%        5    ######.
 Lee's Rapid Deconstruct  Erth           #.........   100%        5    ######.
 Metabolic Englaciation   Hex/Ice        #.........   100%        5    ######.
 Yara's Violent Unravell  Hex/Tmut       #.........   100%        5    ######.
 Hydra Form               Tmut           #.........   100%        6    #######
 Dragon Form              Tmut           #.........   100%        7    #######
 Statue Form              Tmut/Erth      Unusable     N/A         6    N/A

Dungeon Overview and Level Annotations

Branches:
Dungeon (15/15)            Temple (1/1) D:7            Lair (6/6) D:8
  Swamp (0/4) Lair:2       Spider (0/4) Lair:3        Slime (0/5) Lair:5
    Orc (0/2) D:10         Vaults (0/5) D:14        Volcano (visited)
 Depths: D:15

Altars:
Ashenzari
Cheibriados
Dithmenos
Elyvilon
Fedhas
Gozag
Hepliaklqana
Kikubaaqudgha
Makhleb
Nemelex Xobeh
Okawaru
Qazlal
Ru
Sif Muna
Trog
Uskayaw
Vehumet
Wu Jian
Xom
Yredelemnul
Zin
The Shining One
Beogh
Jiyva

Shops:
D:9 ?   D:12 ?

Portals:
Trove: D:15 (give +6 fire dragon scales)

Annotations:
D:11 2 transporters
D:13 3 runed translucent doors, Riadimal's ghost, journeyman HOFi
D:15 3 runed translucent doors, Ciesatia's ghost, journeyman GnSk
Lair:6 3 runed translucent doors, Lycwej's ghost, journeyman NaWn; Rejaav's ghost, journeyman OpTm


Innate Abilities, Weirdness & Mutations

You are resistant to torment.
Your stone body is resilient. (AC +11)
You are immune to poison.
Your large and strong wings let you fly indefinitely.
You resist negative energy. (rN+)
You are resistant to electric shocks. (rElec)
You can survive without breathing.
You are immune to petrification.
You are immune to rotting.


Message History

You're wearing all the rings you can.
Remove which one? (? for menu, Esc to quit)
You remove your +3 ring of strength.
You feel weaker. The orange demon barely misses you. The sun demon hits you!
You are engulfed in flames!!
* * * LOW HITPOINT WARNING * * *
You block the red devil's attack.
I - a ring of protection from fire (right hand)
You block the orange demon's attack.
You feel better. The sun demon hits you.
* * * LOW HITPOINT WARNING * * *
You are engulfed in flames!
You resist.
* * * LOW HITPOINT WARNING * * *
You block the orange demon's attack. The orange demon closely misses you.
You closely miss the sun demon.
The sun demon is almost dead.
The sun demon hits you!!
* * * LOW HITPOINT WARNING * * *
You are engulfed in flames.
You resist.
You die...

## §§≈ ############≈≈≈≈
........#.....§§
...8.8..#4......
..8.#..@344.._..
...8.#..#44....§
..#.8...#h.....§
...#.8..###############
..8.8...'.............#
........#...8....8....#
♣♣♣♣♣+#########.............#
♣♣.♣♣P♣♣♣ ######''#######
♣♣......†♣♣♣ ♣.....♣


You could see a sun demon, 2 orange demons, an ice devil and 2 red devils.

Vanquished Creatures
  Nessos (D:13)
  Josephine (D:14)
  4 vault guards (D:14)
  6 hydras
  A catoblepas (D:14)
  2 two-headed ogres
  8 death yaks
  2 tengu warriors (D:14)
  A salamander mystic (Volcano)
  4 skeletal warriors (D:15)
  A hell knight (Volcano)
  5 unseen horrors
  A wizard (Lair:6)
  2 wolf spiders
  Pikel (D:4)
  2 deep elf magi
  A manticore (D:11)
  19 ugly things
  Maurice (D:12)
  4 salamanders (Volcano)
  2 cyclopes
  A centaur zombie (D:11)
  2 molten gargoyles (Volcano)
  2 black mambas
  A gargoyle (D:7)
  A torpor snail (Lair:3)
  9 komodo dragons
  An efreet (D:15)
  17 spiny frogs
  4 centaur skeletons
  2 rime drakes (Lair:6)
  2 kobold demonologists (D:14)
  3 trolls
  2 jumping spiders (Lair:3)
  A tengu conjurer (D:14)
  3 meliai (D:15)
  A tyrant leech (Lair:2)
  2 polar bears (Lair:6)
  3 slime creatures (D:15)
  15 blink frogs
  12 hippogriffs
  5 redbacks (Lair:3)
  A spriggan (shapeshifter) (D:14)
  4 wraiths (D:14)
  7 humans (D:14)
  2 wyverns
  43 yaks
  2 fire bats (Volcano)
  3 hungry ghosts
  4 basilisks
  2 vampire mosquitoes (D:14)
  A soldier ant (shapeshifter) (D:15)
  3 wargs (D:10)
  Edmund (D:6)
  15 water moccasins
  3 hell hounds (Lair:6)
  7 porcupines
  6 orc warriors
  2 sky beasts
  4 slaves (D:4)
  2 black bears
  3 ice beasts
  3 phantoms
  10 ogres
  18 wolves
  10 centaurs
  15 crocodiles
  13 bullfrogs
  5 big kobolds
  A gnoll sergeant (D:10)
  A scorpion (D:11)
  6 wights
  5 howler monkeys
  6 crimson imps
  A bullfrog zombie (D:12)
  7 jellies
  6 lava snakes (Volcano)
  A quasit (D:9)
  10 hounds
  3 orc priests
  10 orc wizards
  3 bullfrog skeletons
  Natasha (twice) (D:2)
  6 iguanas
  8 worker ants
  A hound skeleton (D:4)
  A worker ant zombie (D:9)
  9 gnolls
  17 adders
  5 shadow imps
  2 adder zombies (D:6)
  An adder skeleton (D:8)
  4 worms
  2 dart slugs
  11 leopard geckos
  57 orcs
  3 ball pythons
  3 giant cockroaches
  6 goblins
  5 hobgoblins
  16 jackals
  5 quokkas
  A ball python skeleton (D:2)
  7 bats
  13 frilled lizards
  A goblin skeleton (D:9)
  2 goblin zombies (D:9)
  4 hobgoblin zombies (D:9)
  A jackal zombie (D:6)
  17 kobolds
  2 leopard gecko zombies
  4 orc skeletons (D:9)
  An orc zombie (D:9)
  2 quokka skeletons
  7 rats
633 creatures vanquished.

Vanquished Creatures (others)
  A vault guard (D:14)
  8 fungi
  4 plants
  3 withered plants (Lair:6)
16 creatures vanquished.

Grand Total: 649 creatures vanquished

Notes
Turn   | Place    | Note
-------+----------+-------------------------------------------
     0 | D:1      | Borgoz the Gargoyle Fighter began the quest for the Orb.
     0 | D:1      | Reached XP level 1. HP: 14/14 MP: 1/1
   158 | D:1      | Reached XP level 2. HP: 19/19 MP: 2/2
   355 | D:1      | Reached XP level 3. HP: 6/23 MP: 3/3
   996 | D:2      | Found an opulent altar of Gozag.
  1144 | D:2      | Found an ornate altar of the Wu Jian Council.
  1216 | D:2      | Noticed Natasha
  1225 | D:2      | Killed Natasha
  1225 | D:2      | Reached XP level 4. HP: 17/29 MP: 2/4
  1433 | D:2      | Noticed Natasha
  1446 | D:2      | Killed Natasha
  1446 | D:2      | Reached skill level 4 in Armour
  1643 | D:2      | Reached XP level 5. HP: 30/33 MP: 5/5
  1706 | D:2      | Found a bloodstained altar of Trog.
  2415 | D:3      | Reached XP level 6. HP: 31/39 MP: 6/6
  2532 | D:4      | Noticed Pikel
  2532 | D:4      | Noticed a slave
  2533 | D:4      | Noticed a slave
  2534 | D:4      | Noticed a slave
  2535 | D:4      | Noticed a slave
  2562 | D:4      | Killed a slave
  2567 | D:4      | Killed a slave
  2569 | D:4      | Killed a slave
  2574 | D:4      | Killed a slave
  2596 | D:4      | Killed Pikel
  2596 | D:4      | Reached skill level 5 in Fighting
  2596 | D:4      | Reached skill level 5 in Armour
  2596 | D:4      | Reached skill level 5 in Shields
  2596 | D:4      | Reached XP level 7. HP: 4/44 MP: 3/7
  3393 | D:4      | Reached XP level 8. HP: 37/51 MP: 8/8
  3877 | D:4      | Reached skill level 6 in Armour
  3882 | D:4      | You fall into a shaft and drop 3 floors!
  4256 | D:7      | Reached skill level 5 in Long Blades
  4807 | D:5      | Entered Level 5 of the Dungeon
  5056 | D:5      | Reached XP level 9. HP: 56/56 MP: 9/9
  5293 | D:5      | Found an iron altar of Okawaru.
  5304 | D:5      | Reached skill level 7 in Armour
  5396 | D:5      | Found a shimmering altar of Xom.
  5444 | D:5      | Found a blossoming altar of Fedhas.
  5560 | D:5      | Became a worshipper of Warmaster Okawaru
  5690 | D:6      | Learned a level 1 spell: Confusing Touch
  5694 | D:6      | Found a sacrificial altar of Ru.
  5786 | D:6      | Noticed Edmund
  5799 | D:6      | Killed Edmund
  5856 | D:6      | Reached skill level 1 in Dodging
  6063 | D:6      | Found a sparkling altar of Nemelex Xobeh.
  6073 | D:6      | Reached skill level 1 in Invocations
  6246 | D:6      | Reached skill level 1 in Spellcasting
  6280 | D:6      | Reached * piety under Okawaru
  6280 | D:6      | Reached skill level 1 in Hexes
  6648 | D:7      | Found a staircase to the Ecumenical Temple.
  6691 | Temple   | Entered the Ecumenical Temple
  6779 | D:7      | Noticed a gargoyle
  6787 | D:7      | Killed a gargoyle
  7044 | D:7      | Found a hide-covered altar of Uskayaw.
  7565 | D:8      | Reached ** piety under Okawaru
  7565 | D:8      | Reached skill level 8 in Armour
  7565 | D:8      | Reached XP level 10. HP: 42/63 MP: 9/13
  7925 | D:8      | Found a basalt altar of Yredelemnul.
  8298 | D:8      | Found a staircase to the Lair.
  8373 | D:9      | Found Yjaaf's Magic Scroll Emporium.
  8380 | D:9      | Bought a scroll of identify for 30 gold pieces
  8380 | D:9      | Bought a scroll of identify for 30 gold pieces
  8380 | D:9      | Bought a scroll of identify for 30 gold pieces
  8383 | D:9      | Bought a scroll of teleportation for 45 gold pieces
  8408 | D:9      | Noticed a two-headed ogre
  8426 | D:9      | Killed a two-headed ogre
  8426 | D:9      | Reached *** piety under Okawaru
  8488 | D:9      | Found a glowing golden altar of the Shining One.
  8649 | D:9      | Found a stormy altar of Qazlal.
  8772 | D:9      | Found a shimmering blue altar of Sif Muna.
  8868 | D:9      | Found a white marble altar of Elyvilon.
  8969 | D:10     | Entered Level 10 of the Dungeon
  9055 | D:10     | Found a staircase to the Orcish Mines.
  9202 | D:10     | Got a glittering steel ring
  9204 | D:10     | Identified the ring "Igydat" {Ice *Slow Int+4 Slay+6} (You
                  | found it on level 10 of the Dungeon)
  9328 | D:10     | Killed an unseen horror
  9328 | D:10     | Reached **** piety under Okawaru
  9328 | D:10     | Reached skill level 9 in Armour
  9328 | D:10     | Reached skill level 1 in Evocations
  9328 | D:10     | Reached XP level 11. HP: 30/68 MP: 10/15
 10168 | D:10     | Identified a scroll of acquirement
 10233 | D:10     | Killed an unseen horror
 10468 | D:11     | Reached ***** piety under Okawaru
 10544 | D:11     | Found a transporter.
 10664 | D:10     | Noticed a deep elf mage
 10679 | D:10     | Killed a deep elf mage
 10679 | D:10     | Reached skill level 5 in Dodging
 10973 | D:11     | Noticed a manticore
 10978 | D:11     | Killed a manticore
 11063 | D:11     | Learned a level 3 spell: Confuse
 11187 | D:11     | Reached skill level 1 in Stealth
 11199 | D:11     | Received a gift from Okawaru
 11266 | D:11     | Found a shimmering altar of Xom.
 11370 | D:11     | Reached skill level 10 in Armour
 11403 | D:11     | Killed an unseen horror
 11483 | D:11     | Noticed an ogre mage
 11484 | D:11     | Noticed a two-headed ogre
 11488 | D:11     | Noticed an ogre mage
 11488 | D:11     | Found a roughly hewn altar of Beogh.
 11488 | D:11     | Found a transporter.
 11754 | D:11     | Killed an unseen horror
 11754 | D:11     | Reached XP level 12. HP: 65/75 MP: 15/18
 11828 | D:12     | Found Nafoohon's Magic Scroll Boutique.
 11838 | D:12     | Bought a scroll of identify for 34 gold pieces
 12027 | D:12     | Noticed Maurice
 12032 | D:12     | Paralysed by Maurice for 3 turns
 12054 | D:12     | Reached skill level 5 in Invocations
 12079 | D:12     | Paralysed by something for 4 turns
 12091 | D:12     | Paralysed by something for 5 turns
 12103 | D:12     | Killed Maurice
 12103 | D:12     | Received a gift from Okawaru
 12669 | D:13     | Noticed Nessos
 12700 | D:13     | Killed Nessos
 12898 | D:13     | Noticed a seven-headed hydra
 12902 | D:13     | Killed a seven-headed hydra
 13182 | D:13     | Found a runed translucent gate.
 13183 | D:13     | Found a runed translucent gate.
 13184 | D:13     | Found a runed translucent gate.
 13186 | D:13     | Noticed Riadimal's ghost (journeyman HOFi)
 13210 | D:13     | Reached ****** piety under Okawaru
 13385 | D:13     | Found a roughly hewn altar of Beogh.
 13440 | D:14     | Noticed a tengu warrior
 13441 | D:14     | Noticed a tengu warrior
 13446 | D:14     | Killed a tengu warrior
 13446 | D:14     | Received a gift from Okawaru
 13452 | D:14     | Killed a tengu warrior
 13596 | D:14     | Found a glowing silver altar of Zin.
 13653 | D:14     | Noticed a two-headed ogre
 13659 | D:14     | Killed a two-headed ogre
 13659 | D:14     | Reached skill level 11 in Armour
 13659 | D:14     | Reached XP level 13. HP: 68/80 MP: 16/20
 13897 | D:14     | Killed a vault guard
 13918 | D:14     | Noticed Josephine
 13927 | D:14     | Killed Josephine
 14013 | D:14     | Reached skill level 5 in Spellcasting
 14013 | D:14     | Reached skill level 5 in Hexes
 14127 | D:14     | Noticed a vault guard
 14127 | D:14     | Noticed a vault guard
 14127 | D:14     | Noticed a vault guard
 14139 | D:14     | Killed a vault guard
 14142 | D:14     | Killed a vault guard
 14142 | D:14     | Received a gift from Okawaru
 14150 | D:14     | Killed a vault guard
 14165 | D:14     | Noticed a vault guard
 14185 | D:14     | Killed a vault guard
 14202 | D:14     | Found a gate to the Vaults.
 14348 | D:14     | Reached skill level 5 in Stealth
 14397 | D:15     | Entered Level 15 of the Dungeon
 14619 | D:15     | Received a gift from Okawaru
 14704 | D:15     | Found a sparkling altar of Nemelex Xobeh.
 14887 | D:15     | Reached skill level 10 in Long Blades
 15064 | D:15     | Reached skill level 12 in Armour
 15109 | D:15     | Found a blossoming altar of Fedhas.
 15244 | D:15     | Found a runed translucent gate.
 15244 | D:15     | Found a runed translucent gate.
 15244 | D:15     | Found a runed translucent gate.
 15244 | D:15     | Noticed a spectral caustic shrike
 15244 | D:15     | Noticed Ciesatia's ghost (journeyman GnSk)
 15310 | D:15     | Gained mutation: Your large and strong wings let you fly
                  | indefinitely. [Gargoyle growth]
 15310 | D:15     | Reached XP level 14. HP: 76/87 MP: 17/21
 15321 | D:15     | Found a portal to a secret trove of treasure.
 15400 | D:15     | Reached skill level 10 in Fighting
 15400 | D:15     | Reached skill level 5 in Evocations
 15853 | Lair:1   | Entered Level 1 of the Lair of Beasts
 15882 | Lair:1   | Found a dark tunnel.
 15891 | Volcano  | Entered a volcano
 16066 | Volcano  | Found a burning altar of Makhleb.
 17471 | Lair:2   | Received a gift from Okawaru
 17573 | Lair:2   | Identified a +2 pair of boots of running (Okawaru gifted it
                  | to you on level 2 of the Lair of Beasts)
 17703 | Lair:2   | Found a staircase to the Swamp.
 18611 | Lair:3   | Found a hole to the Spider Nest.
 18615 | Lair:3   | Reached skill level 13 in Armour
 19156 | Lair:4   | Reached XP level 15. HP: 75/93 MP: 12/22
 19259 | Lair:4   | Found the +4 moon troll leather armour {Spirit, Regen++
                  | MP+5}
 20320 | Lair:5   | Found a viscous altar of Jiyva.
 20321 | Lair:5   | Found a staircase to the Slime Pits.
 20584 | Lair:5   | Received a gift from Okawaru
 20593 | Lair:5   | Got a dazzling flail
 20594 | Lair:5   | Identified the +10 flail "Reesm" {flame, Str+3} (You found
                  | it on level 5 of the Lair of Beasts)
 21105 | Lair:6   | Entered Level 6 of the Lair of Beasts
 21214 | Lair:6   | Received a gift from Okawaru
 21215 | Lair:6   | Got a shimmering chain mail {god gift}
 21248 | Lair:6   | Identified the +8 chain mail of Xyint {rPois Str+6 Stlth+}
                  | (Okawaru gifted it to you on level 6 of the Lair of Beasts)
 21597 | Lair:6   | Found a runed translucent gate.
 21597 | Lair:6   | Found a runed translucent gate.
 21597 | Lair:6   | Found a runed translucent gate.
 21607 | Lair:6   | Noticed Rejaav's ghost (journeyman OpTm)
 21607 | Lair:6   | Noticed Lycwej's ghost (journeyman NaWn)
 21607 | Lair:6   | Noticed Rejaav's ghost (journeyman OpTm)
 21800 | Lair:6   | Got a distressingly furry scale mail
 21825 | Lair:6   | Identified the cursed +1 scale mail of the Loofah {MR+
                  | Str+5 Stlth+} (You found it on level 6 of the Lair of
                  | Beasts)
 21853 | Lair:6   | Found a burning altar of Makhleb.
 21871 | Lair:6   | HP: 3/94 [sun demon (18)]
 21871 | Lair:6   | Slain by a sun demon

Levels and vault maps discovered:
D:1:      lightli_arrival_statue_moat, layout_basic, serial_curves,
          eino_curves_03, eino_curves_01, eino_curves_02, eino_curves_03,
          minmay_lizard_king
D:2:      layout_loops_ring, lemuel_round_altar, marbit_many_paths,
          nicolae_overflow_hidden_temple, serial_glass, glass_columns_a,
          glass_columns_c, minmay_box_of_dots, uniq_natasha
D:3:      layout_basic
D:4:      minmay_wonky_spiral, layout_cave_pods, uniq_pikel
D:5:      layout_cave_pools, okawaru_ov_weapons_minmay,
          lemuel_coloured_pillars_altar, lemuel_crystal_altar, first_ration,
          minmay_chambers_of_fives
D:6:      layout_layer_cave, lemuel_round_altar, lemuel_round_altar, uniq_edmund
D:7:      layout_loops_ring, lemuel_crystal_altar,
          minmay_temple_entry_statues_pillars
D:8:      layout_basic, yredelemnul_altar_generic, lair_entry_dummy
D:9:      layout_small_grid, nicolae_tso_besieged_by_evil, kennysheep_mini,
          overflow_temple_1_default, serial_shops, shop, basic_altar
D:10:     layout_irregular_city, minmay_orc_entry_guard_dogs,
          blue_anna_alchemist [blue_anna_fruit_fields, blue_anna_fruit_fields]
D:11:     gammafunk_beogh_shrine, layout_basic, lemuel_altar_in_water
D:12:     layout_long_grid, serial_shops,
          nicolae_shop_temple_entry_statues_fountains, uniq_maurice
D:13:     layout_basic, biasface_ghost_orc_armoury, grunt_ministairs_2,
          uniq_nessos
D:14:     layout_gridville, ximxim_vaults_locker_room, basic_altar,
          uniq_josephine
D:15:     grunt_enter_depths_hoard, layout_long_grid,
          gammafunk_ghost_necromancy, enter_trove_1, fedhas_altar_4,
          nemelex_xobeh_ov_fountains_minmay
Temple:   jpeg_temple_island
Lair:1:   layout_cave_pods, enter_volcano_2, chequers_serial_rivers_small_3,
          grunt_megastairs_4
Lair:2:   layout_chaotic_city, minmay_swamp_entry_worms
Lair:3:   layout_concentric_octagons, nicolae_spider_entry_tight_spaces,
          serial_bayou_shore_a
Lair:4:   layout_cave_pods, lemuel_fruit_tree, grunt_megastairs_1
Lair:5:   layout_roguey, slime_altar_1
Lair:6:   evil_forest, layout_loops_ring, gammafunk_ghost_cemetery,
          fungi_pond_lemuel

Skill      XL: |  1  2  3  4  5  6  7  8  9 10 11 12 13 14 15 |
---------------+----------------------------------------------+-----
Long Blades    | 2 3 4 5 6 7 8 9 10 11 | 11.8
Shields        | 4 5 7 |  7.1
Fighting       | 4 5 6 7 8 9 10 11 | 11.1
Armour         | 4 5 6 8 9 10 11 12 13 | 13.9
Dodging        | 2 4 5 6 7 9 |  9.7
Invocations    | 2 3 4 5 7 8 |  8.9
Spellcasting   | 2 3 4 5 |  5.0
Hexes          | 1 3 4 5 |  5.0
Evocations     | 1 2 3 4 5 |  5.0
Stealth        | 2 4 5 |  5.0

Action                   |  1- 3 |  4- 6 |  7- 9 | 10-12 | 13-15 || total
-------------------------+-------+-------+-------+-------+-------++-------
Melee: Long sword        |   118 |   205 |   488 |   188 |       ||   999
       Scimitar          |       |       |       |   241 |    47 ||   288
       Double sword      |       |       |       |   228 |   911 ||  1139
Throw: Throwing net      |       |     2 |       |       |       ||     2
 Cast: Confusing Touch   |       |       |       |     1 |       ||     1
Invok: Heroism           |       |       |       |     3 |     3 ||     6
       Finesse           |       |       |       |       |     1 ||     1
 Abil: Fly               |       |       |       |       |     1 ||     1
Evoke: Wand              |       |       |       |     4 |       ||     4
  Use: Scroll            |       |     3 |     2 |    15 |    12 ||    32
       Potion            |       |     6 |     1 |     3 |     5 ||    15
 Stab: Confused          |       |       |       |     1 |       ||     1
       Invisible         |       |       |       |       |     4 ||     4
       Sleeping          |       |       |       |       |    14 ||    14
  Eat: Chunk             |     1 |     5 |    17 |    26 |    22 ||    71
       Ration            |       |       |       |     1 |     2 ||     3
Armor: Scale mail        |    81 |   134 |   249 |   274 |    10 ||   748
       Troll leather arm |       |       |       |   150 |   167 ||   317
       Chain mail        |       |       |       |       |   309 ||   309
Dodge: Dodged            |    57 |    86 |   156 |   326 |   508 ||  1133
Block: Shield            |    84 |   115 |   272 |   387 |   554 ||  1412
       Rpst.: Long sword |    13 |    21 |    53 |    27 |       ||   114
       Scimitar          |       |       |       |    33 |     5 ||    38
       Double sword      |       |       |       |    31 |   111 ||   142

Table legend:
 A = Non-vault XP
 B = Vault XP
 C = Vault XP percentage of total XP
 D = Non-vault monster count
 E = Vault monster count
 F = Vault count percentage of total count
                 A         B        C        D         E       F
            +---------+---------+-------+---------+---------+-------
      Total |   86258 |   24644 |  22.2 |     520 |     109 |  17.3
            +---------+---------+-------+---------+---------+-------
        D:1 |      27 |      12 |  30.8 |      14 |      10 |  41.7
        D:2 |      89 |      45 |  33.6 |      23 |       5 |  17.9
        D:3 |     171 |       0 |   0.0 |      25 |       0 |   0.0
        D:4 |     480 |     588 |  55.1 |      20 |       2 |   9.1
        D:5 |     173 |     102 |  37.1 |       7 |       5 |  41.7
        D:6 |    1109 |     154 |  12.2 |      35 |       1 |   2.8
        D:7 |    1626 |       0 |   0.0 |      37 |       0 |   0.0
        D:8 |    1046 |       0 |   0.0 |      16 |       0 |   0.0
        D:9 |    1656 |      57 |   3.3 |      24 |      13 |  35.1
       D:10 |    5554 |     589 |   9.6 |      37 |       4 |   9.8
       D:11 |    5496 |       0 |   0.0 |      31 |       0 |   0.0
       D:12 |    3221 |     526 |  14.0 |      26 |       1 |   3.7
       D:13 |    3592 |    1659 |  31.6 |      13 |       5 |  27.8
       D:14 |    9748 |    7159 |  42.3 |      34 |      16 |  32.0
       D:15 |   13070 |       0 |   0.0 |      33 |       0 |   0.0
     Lair:1 |    2130 |     710 |  25.0 |       8 |       4 |  33.3
     Lair:2 |    4048 |     294 |   6.8 |      14 |       1 |   6.7
     Lair:3 |    9479 |    1689 |  15.1 |      36 |       7 |  16.3
     Lair:4 |    9142 |     196 |   2.1 |      28 |       2 |   6.7
     Lair:5 |    4863 |       0 |   0.0 |      25 |       0 |   0.0
     Lair:6 |    9538 |    5660 |  37.2 |      34 |      17 |  33.3
    Volcano |       0 |    5204 | 100.0 |       0 |      16 | 100.0
            +---------+---------+-------+---------+---------+-------
